 Dungeon Crawl Stone Soup version 0.21-a0-434-g806c6c2 (webtiles) character file.

57 Laiders the Shield-Bearer (level 4, -2/35 HPs)
             Began as a Formicid Fighter on Nov 8, 2017.
             Slain by a gnoll
             ... wielding a +0 spear
              (7 damage)
             ... on level 2 of the Dungeon.
             The game lasted 00:01:42 (862 turns).

Laiders the Shield-Bearer (Formicid Fighter)         Turns: 862, Time: 00:01:43

Health: -2/35      AC:  6    Str: 27    XL:     4   Next: 18%
Magic:  4/4        EV:  8    Int:  7    God:
Gold:   80         SH: 10    Dex: 10    Spells: 3/3 levels left

rFire    . . .     SeeInvis +   a - +0 flail
rCold    . . .     Gourm    .   c - +0 shield
rNeg     . . .     Faith    .   b - +0 scale mail
rPois    .         Spirit   .   (helmet unavailable)
rElec    .         Reflect  .   (no cloak)
rCorr    .         Harm     .   (no gloves)
MR       .....                  (no boots)
Stlth    ..........             (no amulet)
HPRegen  0.11/turn              i - ring of see invisible
MPRegen  0.09/turn              (no ring)

@: mighty
A: permanent stasis, dig shafts and tunnels, four strong arms, antennae 3
a: Dig, Shaft Self


You were on level 2 of the Dungeon.
You were not hungry.

You visited 1 branch of the dungeon, and saw 2 of its levels.

You collected 80 gold pieces.

Inventory:

Hand Weapons
 a - a +0 flail (weapon)
Armour
 b - a +0 scale mail (worn)
 c - a +0 shield (worn)
Jewellery
 i - a ring of see invisible (left hand)
Scrolls
 e - a scroll of noise {unknown}
 h - 3 scrolls of teleportation {unknown}
 j - a scroll of identify {unknown}
 l - 2 scrolls of random uselessness {unknown}
Potions
 d - a potion of might
 k - a potion of lignification {unknown}
 m - a potion of invisibility {unknown}
 n - a potion of curing {unknown}
Comestibles
 f - a bread ration
 g - a royal jelly


   Skills:
 - Level 3.2 Fighting
 + Level 3.2 Maces & Flails
 - Level 3.2 Armour
 + Level 4.8 Shields


You had 3 spell levels left.
You didn't know any spells.

Dungeon Overview and Level Annotations

Branches:
Dungeon (2/15)

Altars:
Qazlal


Innate Abilities, Weirdness & Mutations

You cannot be hasted, slowed, berserked, paralysed or teleported.
You can dig through walls and to a lower floor.
Your four strong arms can wield two-handed weapons with a shield.
You have a pair of large antennae on your head. (SInv)


Message History

You closely miss the gnoll.
The gnoll is severely wounded.
You block the gnoll's attack.
The gnoll hits you from afar with a spear.
* * * LOW HITPOINT WARNING * * *
The gnoll closely misses you.
You barely miss the gnoll.
The gnoll is severely wounded.
You block the gnoll's attack. x2
You thump the gnoll!
You kill the gnoll!
You have reached level 4!
You feel stronger. The gnoll closely misses you.
The gnoll hits you from afar with a spear.
* * * LOW HITPOINT WARNING * * *
You feel very mighty all of a sudden. The goblin hits you but does no damage.
The gnoll hits you from afar with a spear!
You die...

... _ +...# ... ..≈≈
≈#≈§.## ....
...≈#####≈§...#g....
...≈≈...§≈§...#g....
.....≈...≈≈.......#
.................#
.............###.#
.######..#.#.###.######
#......gg@(......
#......g##.######
.######.##.#..# .#
........##.#.....#
.#.##...##........
#.......#.###. .
#.#####.#.# .. ..####.#
#$..# .. .......#


You could see 2 gnolls and a goblin.

Vanquished Creatures
  2 gnolls (D:2)
  An ooze (D:1)
  A dart slug (D:1)
  2 leopard geckos
  5 bats (D:1)
  A giant cockroach (D:2)
  2 goblins (D:1)
  4 hobgoblins (D:1)
  3 jackals (D:1)
  3 frilled lizards (D:1)
  3 kobolds (D:1)
  2 rats (D:1)
29 creatures vanquished.

Notes
Turn   | Place    | Note
-------+----------+-------------------------------------------
     0 | D:1      | Laiders the Formicid Fighter began the quest for the Orb.
     0 | D:1      | Reached XP level 1. HP: 18/18 MP: 1/1
    99 | D:1      | Reached XP level 2. HP: 20/24 MP: 2/2
   150 | D:1      | Reached skill level 4 in Shields
   241 | D:1      | Reached XP level 3. HP: 7/29 MP: 3/3
   843 | D:2      | Found a stormy altar of Qazlal.
   861 | D:2      | Reached XP level 4. HP: 8/35 MP: 4/4
   862 | D:2      | Slain by a gnoll

Vault maps used:
D:1:      minmay_arrival_three_doors, minmay_tromino_v4_c
D:2:      nicolae_qazlal_general_emergency, lemuel_doored_altar

Skill      XL: |  1  2  3 |
---------------+----------+-----
Shields        | 4 |  4.8
Maces & Flails | 3 |  3.2
Fighting       | |  3.2
Armour         | |  3.2

Action                   |  1- 3 |  4- 6 || total
-------------------------+-------+-------++-------
Melee: Flail             |   102 |       ||   102
  Use: Potion            |       |     1 ||     1
Armor: Scale mail        |    61 |       ||    61
Dodge: Dodged            |    56 |     1 ||    57
Block: Shield            |    68 |       ||    68

Table legend:
 A = Spawn XP
 B = Non-spawn XP
 C = Spawn XP percentage of total XP
 D = Spawn monster count
 E = Non-spawn monster count
 F = Spawn count percentage of total count
 G = Total turns spent on level
                    A         B        C        D         E        F      G
               +---------+---------+-------+---------+---------+-------+---------
         Total |       0 |      82 |   0.0 |       0 |      29 |   0.0 |   862
               +---------+---------+-------+---------+---------+-------+---------
           D:1 |       0 |      48 |   0.0 |       0 |      25 |   0.0 |   760
           D:2 |       0 |      34 |   0.0 |       0 |       4 |   0.0 |   102
               +---------+---------+-------+---------+---------+-------+---------
